[Event "*** Titled Tuesday Blitz"]
[Site "Chess.com"]
[Date "2021.02.09"]
[Round "4"]
[White "ural58"]
[Black "Vugar_Manafov"]
[Result "0-1"]
[WhiteElo "2477"]
[BlackElo "2652"]
[TimeControl "180+1"]
[EndTime "10:40:04 PST"]
[Termination "Vugar_Manafov won by checkmate"]

1. e4 Nf6 2. e5 Nd5 3. Nc3 Nxc3 4. dxc3 g6 5. Bc4 Bg7 6. Bf4 Nc6 7. Qe2 O-O 8. O-O-O d6 9. h4 Nxe5 10. h5 Nxc4 11.
Qxc4 e5 12. Be3 Be6 13. Qb4 b6 14. hxg6 fxg6 15. Nf3 Bf6 16. c4 Qe7 17. b3 Bg4 18. Qb5 Qe6 19. Qc6 e4 20. Nd4 Qd7 21. Qd5+ Qf7 22.
Rd2 Rae8 23. a4 Bg7 24. Qg5 Bd7 25. Qh4 Bf6 26. Qh6 Re5 27. Qh2 Rh5 28. Qg1 Rxh1 29. Qxh1 Be5 30. g3 Bf5 31. Qh4 Qf6 32. Qh6 Qg7 33. Qh4 Bf6 34. Qh2 Be5 35. Rd1 a6 36. Qh4 Bf6 37. Qh2 Qf7 38. Ne2 Bg7 39. Nf4 Qf6 40.
Bd4 Qf7 41. Bxg7 Qxg7 42. Kb1 Qc3 43. Qg1 e3 44. Nd3 e2 45. Rc1 Bxd3 46. cxd3 Qxb3+ 47. Ka1 Qa3+ 48. Kb1 Qxd3+ 49. Kb2 Rf3 50. Qe1 Qb3+ 51. Ka1 Qa3+ 52. Kb1 Rb3+ 53. Kc2 Qa2# 0-1

[Event "*** Titled Tuesday Blitz"]
[Site "Chess.com"]
[Date "2021.02.09"]
[Round "4"]
[White "TregubovP"]
[Black "Fortitudine"]
[Result "1-0"]
[WhiteElo "2599"]
[BlackElo "2330"]
[TimeControl "180+1"]
[EndTime "10:40:04 PST"]
[Termination "TregubovP won by resignation"]

1. e4 c5 2. Nf3 d6 3. c3 Nf6 4. Be2 Nbd7 5. Qc2 g6 6. d4 cxd4 7. cxd4 e5 8. Nc3 Bg7 9. O-O O-O 10. Rd1 exd4 11. Nxd4 a6 12. Bf4 Qe7 13. Nf3 Ne5 14. Nxe5 dxe5 15. Bg5 Be6 16. Nd5 Bxd5 17. exd5 Qd6 18.
Qb3 Ne4 19. Be3 Nc5 20. Qa3 b6 21. Rac1 Rfc8 22. b4 Ne4 23. Rxc8+ Rxc8 24. Qxa6 Rb8 25. Rc1 Bf8 26. Qc4 Qxb4 27. Qxb4 Bxb4 28. Rc4 Nc3 29. Rxb4 Nxe2+ 30. Kf1 Nc3 31. d6 Nd5 32. Rb5 Nxe3+ 33. fxe3 Kf8 34. Rxe5 Rd8 35. Rd5 Ke8 36. e4 f6 37. e5 fxe5 38. Rxe5+ Kf8 39. Re6 Ra8 40.
d7 Rd8 41. Rxb6 Rxd7 42. Ke2 Ra7 43. Rb2 Kf7 44. Kd3 Kf6 45. Kc4 Kf5 46. Re2 g5 47.
Kb5 g4 48. a4 h5 49. a5 h4 50. a6 h3 51. g3 Rd7 52. Ra2 Rd5+ 53. Kc6 Rd8 54.
a7 Ke4 55. a8=Q 1-0

[Event "*** Titled Tuesday Blitz"]
[Site "Chess.com"]
[Date "2021.02.09"]
[Round "4"]
[White "kai_nov"]
[Black "HrvojeZagreb"]
[Result "0-1"]
[WhiteElo "2372"]
[BlackElo "2220"]
[TimeControl "180+1"]
[EndTime "10:40:04 PST"]
[Termination "HrvojeZagreb won by resignation"]

1. d4 e6 2. c4 f5 3. g3 Nf6 4. Bg2 Be7 5. Nf3 O-O 6. O-O d6 7. Nc3 Ne4 8. Qc2 Nxc3 9. Qxc3 Bf6 10. b4 Qe8 11. Bg5 Bxg5 12. Nxg5 e5 13. dxe5 dxe5 14. Rad1 h6 15. Bd5+ Kh8 16. Nf7+ Rxf7 17. Bxf7 Qe7 18. Bg6 Nc6 19. b5 Nd4 20. Kg2 b6 21. e3 Bb7+ 22. f3 Nxf3 23. Rxf3 Qg5 24. Bf7 Bxf3+ 25. Kxf3 Qg4+ 26.
Kf2 Qxd1 27. Qxe5 Qd6 28. Qc3 Rd8 29. Bd5 Re8 30. Qd4 Qe5 31. Qd2 g5 32. a4 Kg7 33.
Kf3 h5 34. Kf2 h4 35. Qe2 g4 36. gxh4 Qxh2+ 37. Ke1 Qxe2+ 38. Kxe2 Rh8 39. Kf2 Rxh4 40. Kg3 Rh3+ 41. Kf4 Kf6 42. Bg2 Rh8 43. e4 fxe4 44. Bxe4 Rg8 45. Kg3 Ke5 46. Bd5 Rg7 47. Bc6 Kf5 48.
Bb7 Ke5 49. Bc8 Kd4 50. Be6 Kc5 51. Bc8 Kb4 52. Be6 Kxa4 53. Bxg4 Kb4 54. Kf4 Rxg4+ 55.
Kxg4 Kxc4 56. Kf4 Kxb5 0-1

[Event "*** Titled Tuesday Blitz"]
[Site "Chess.com"]
[Date "2021.02.09"]
[Round "4"]
[White "krzyzan94"]
[Black "Genghis_K"]
[Result "0-1"]
[WhiteElo "2689"]
[BlackElo "2925"]
[TimeControl "180+1"]
[EndTime "10:40:05 PST"]
[Termination "Genghis_K won on time"]

1. d4 Nf6 2. c4 g6 3. Nc3 Bg7 4. Nf3 d6 5. g3 O-O 6. Bg2 Bf5 7. Nh4 Bc8 8. O-O e5 9. dxe5 dxe5 10. Nf3 Nbd7 11.
Qc2 c6 12. Rd1 Qe7 13. a3 a5 14. Na4 Nc5 15. Nxc5 Qxc5 16. b4 Qe7 17. Bb2 Bf5 18.
Qb3 a4 19. Qc3 Ne4 20. Qc1 g5 21. Ne1 g4 22. Nd3 Rad8 23. Qe3 Nd6 24. Nxe5 Rfe8 25.
c5 Bxe5 26. Bxe5 Qxe5 27. Qxe5 Rxe5 28. cxd6 Rxe2 29. Rac1 Re6 30. b5 cxb5 31. Rd5 Bg6 32. d7 Kf8 33. Bf1 Be4 34. Rdc5 Bc6 35. Bxb5 Bxb5 36.
Rxb5 Rxd7 37. Rb4 h5 38. Rxa4 Rf6 39. Rc2 Rd1+ 40. Kg2 Re6 41. Rb2 Ree1 42. f4 Rh1 43. Re2 Rhg1+ 44. Kf2 Rdf1+ 45. Ke3 Kg7 46. Ke4 Kg6 47. Ra5 f6 48. Rb2 Rd1 49. Re2 Rge1 50. f5+ Kg5 51. Rxe1 Rxe1+ 52. Kd5 Re5+ 53. Kd6 Rxa5 0-1

[Event "*** Titled Tuesday Blitz"]
[Site "Chess.com"]
[Date "2021.02.09"]
[Round "4"]
[White "SARGISMV"]
[Black "soumeow"]
[Result "1-0"]
[WhiteElo "2428"]
[BlackElo "2220"]
[TimeControl "180+1"]
[EndTime "10:40:05 PST"]
[Termination "SARGISMV won on time"]

1. Nf3 Nf6 2. c4 c5 3. g3 g6 4. Bg2 Bg7 5. O-O d5 6. Nc3 d4 7. Na4 Nbd7 8. a3 e5 9. d3 O-O 10. b4 Qe7 11. Bd2 e4 12. Ng5 e3 13. fxe3 Ng4 14.
Ne4 Nxe3 15. Bxe3 dxe3 16. Naxc5 Nxc5 17. Nxc5 Bxa1 18. Qxa1 Bg4 19. Re1 Rae8 20. Bxb7 Qe5 21.
Qxe5 Rxe5 22. Kg2 Rb8 23. Bd5 Re7 24. h3 Bc8 25. Rf1 Kg7 26. g4 f5 27. Kg3 a5 28. b5 Rb6 29. g5 Rc7 30. Na4 Rd6 31. Nc3 Bb7 32. Kf4 Bxd5 33. Nxd5 Rc5 34. Nxe3 Rd4+ 35. Kf3 Re5 36. Nd5 Rh4 37. Rh1 h6 38. a4 hxg5 39. b6 g4+ 40. Kg3 Rh8 41. e3 g5 42. Rh2 Ree8 43. hxg4 f4+ 44. exf4 gxf4+ 45. Nxf4 Re3+ 46. Kf2 Rxh2+ 47. Kxe3 Rb2 48. c5 Kf7 49. g5 Ke7 50. g6 Kf6 51. d4 Rb3+ 52. Ke4 1-0

[Event "*** Titled Tuesday Blitz"]
[Site "Chess.com"]
[Date "2021.02.09"]
[Round "4"]
[White "BvsN"]
[Black "TheBigBoss04"]
[Result "0-1"]
[WhiteElo "2349"]
[BlackElo "2742"]
[TimeControl "180+1"]
[EndTime "10:40:06 PST"]
[Termination "TheBigBoss04 won by resignation"]

1. c4 g6 2. e4 Bg7 3. d4 d6 4.
Nc3 Nf6 5. Nge2 O-O 6. f3 c5 7. d5 e6 8. Ng3 exd5 9. cxd5 Re8 10. Be2 h5 11. Bg5 a6 12. a4 Nbd7 13. O-O Qc7 14. Qd2 c4 15. Rac1 b5 16. b4 Rb8 17.
axb5 axb5 18. Be3 h4 19. Nh1 h3 20. g4 Ne5 21. g5 Nh7 22. Nf2 Qe7 23. f4 Nd7 24. Bd4 Bxd4 25. Qxd4 Nxg5 26. Kh1 Nh7 27. Rg1 Ndf6 28. f5 Qe5 29. Qxe5 Rxe5 30. fxg6 Ng5 31. gxf7+ Kxf7 32. Rcf1 Ke7 33. Rg3 Bd7 34. Rfg1 Ngxe4 35. Nfxe4 Nxe4 36. Rg7+ Kd8 37. Nxe4 Rxe4 38. Bh5 Re5 39.
Bg4 Rb7 40. Rg8+ Re8 41. Rg7 Re7 42. Rg8+ Kc7 43. Bxd7 Kxd7 44. R8g3 Ra7 45. Rxh3 Ra4 46.
Rh6 Rxb4 47. h3 Kc7 48. Rgg6 Rd7 49. Re6 c3 50. Re2 Rc4 51. Rc2 b4 52. Rf6 b3 53.
Rc1 b2 0-1

[Event "*** Titled Tuesday Blitz"]
[Site "Chess.com"]
[Date "2021.02.09"]
[Round "4"]
[White "yuki_chess123"]
[Black "FontVella8"]
[Result "0-1"]
[WhiteElo "2299"]
[BlackElo "2576"]
[TimeControl "180+1"]
[EndTime "10:40:07 PST"]
[Termination "FontVella8 won by resignation"]

1. e4 c6 2. d3 d5 3. Nd2 g6 4.
Ngf3 Bg7 5. g3 Bd7 6. c3 Qc8 7.
Qb3 Be6 8. Ng5 b6 9. Bg2 Na6 10. d4 Nc7 11. Nxe6 Qxe6 12. O-O Nf6 13. exd5 cxd5 14.
Nf3 O-O 15. Bf4 Qc8 16. Qa3 Re8 17. Rfe1 Bf8 18. Qb3 Ne6 19. Be5 Bg7 20. Bh3 Qc6 21. a4 Rac8 22. Qb5 Ne4 23. Qxc6 Rxc6 24. a5 f6 25. c4 N6g5 26. Nxg5 Nxg5 27. cxd5 Nxh3+ 28. Kg2 Rc2 29. Kxh3 fxe5 30. dxe5 Rxf2 31. axb6 axb6 32.
Ra7 Rf5 33. d6 Rxe5 34. d7 Rd8 35. Rc1 Rc5 36. Rxc5 bxc5 37. Rc7 Bf6 38. Rc8 e6 39. Rc7 Kf7 40. b3 Ke7 41. Rxc5 Rxd7 42. Kg4 e5 43. h4 Ke6 44. Rb5 h5+ 45. Kh3 Kf5 46. Rb6 Rd3 47.
b4 e4 48. b5 Be5 49. Rb7 Rxg3+ 50. Kh2 Rg4+ 51. Kh1 e3 0-1

[Event "*** Titled Tuesday Blitz"]
[Site "Chess.com"]
[Date "2021.02.09"]
[Round "4"]
[White "beto-betun"]
[Black "Nils_03"]
[Result "0-1"]
[WhiteElo "2180"]
[BlackElo "2331"]
[TimeControl "180+1"]
[EndTime "10:40:07 PST"]
[Termination "Nils_03 won by checkmate"]

1. d4 d5 2. Nf3 e6 3. g3 c6 4. Bg2 f5 5. O-O Nf6 6. c4 Bd6 7. cxd5 exd5 8. Nc3 O-O 9. Ne5 Bxe5 10. dxe5 Ne4 11.
f3 Qb6+ 12. Kh1 Nf2+ 13. Rxf2 Qxf2 14. Qd3 Qc5 15. Be3 Qe7 16. f4 Be6 17. Na4 Nd7 18.
Rc1 Rfc8 19. Nc5 b6 20. Nxe6 Qxe6 21. h3 h6 22. Kh2 Rd8 23. b4 Rac8 24. a4 Nf8 25. a5 bxa5 26. bxa5 d4 27. Bd2 c5 28. Qc4 Qxc4 29. Rxc4 Ne6 30. a6 Kf7 31. Bb7 Rb8 32.
Ba5 Rd7 33. Kg2 Rbxb7 34. axb7 Rxb7 35. Kf2 Ke7 36. Rc2 Kd7 37. e3 Kc6 38. exd4 Nxd4 39. Ra2 Kd5 40. Bd8 c4 41. g4 c3 42. Ba5 c2 43. Bd2 Rb3 44. gxf5 Rf3+ 45. Ke1 Rxh3 46. Rxa7 Nxf5 47. e6 Kxe6 48. Bc1 Nd4 49. Kd2 Rh2+ 50. Kc3 Nb5+ 51. Kb4 Nxa7 52. Ka5 Nc6+ 53. Kb6 Ne7 54. f5+ Kxf5 55. Kc5 Rh1 56. Kd6 Rxc1 57. Kxe7 Rd1 58. Kf7 c1=Q 59. Kxg7 Qc7+ 60. Kh8 Rd8# 0-1

[Event "*** Titled Tuesday Blitz"]
[Site "Chess.com"]
[Date "2021.02.09"]
[Round "4"]
[White "SHIVACalypso"]
[Black "Shuvalov"]
[Result "1/2-1/2"]
[WhiteElo "2368"]
[BlackElo "2514"]
[TimeControl "180+1"]
[EndTime "10:40:09 PST"]
[Termination "Game drawn by repetition"]

1. Nf3 d5 2. c4 d4 3. e3 dxe3 4. fxe3 Nf6 5. d4 g6 6. Nc3 Bg7 7. Bd3 O-O 8. O-O c5 9. b3 Bg4 10.
Be2 Nc6 11. d5 Nxd5 12. cxd5 Bxc3 13. dxc6 Bxa1 14. cxb7 Rb8 15. Ba3 Qa5 16. Qxa1 Qxa3 17. Bc4 Bxf3 18. Rxf3 e6 19. Qf1 Kg7 20. Ba6 Qxa2 21.
Qc4 Rfd8 22. h4 Rd6 23. Qf4 Qxa6 24. Qxf7+ Kh8 25. Qf6+ Kg8 26. Qf7+ Kh8 27. Qe7 Rd1+ 28. Kf2 Qf1+ 29. Kg3 Qe1+ 30. Kh3 Qh1+ 31. Kg3 Qe1+ 32. Kh3 Qh1+ 33. Kg4 Qxg2+ 34. Kf4 Rf1 35. Qf6+ Kg8 36. Qxe6+ Kg7 37. Qe5+ Kh6 38. Qg5+ Qxg5+ 39. hxg5+ Kg7 40. Rxf1 Rxb7 41. Rc1 Rb4+ 42. Kf3 Rb5 43. Kf4 Kf7 44. Rc3 Ke6 45. Rd3 a5 46. e4 Rb4 47. Rc3 Rb5 48.
Rd3 Rb4 49. Rc3 Kd6 50. Rd3+ Ke7 51. Rc3 Kd6 52. Rd3+ Ke6 1/2-1/2

[Event "*** Titled Tuesday Blitz"]
[Site "Chess.com"]
[Date "2021.02.09"]
[Round "4"]
[White "KetiGrant"]
[Black "QuintilianoR"]
[Result "0-1"]
[WhiteElo "2344"]
[BlackElo "2682"]
[TimeControl "180+1"]
[EndTime "10:40:09 PST"]
[Termination "QuintilianoR won on time"]

1. e4 e6 2. d4 d5 3. Nc3 Nf6 4. e5 Nfd7 5. f4 c5 6. Nf3 Be7 7. Be3 O-O 8. Qd2 b6 9. Bb5 a6 10. Be2 Nc6 11. O-O f5 12. Nd1 cxd4 13. Nxd4 Nxd4 14.
Bxd4 Nc5 15. Qe3 a5 16. Nf2 Ba6 17. Bd3 Qc7 18. Rfc1 a4 19. b4 axb3 20. axb3 Bxd3 21. cxd3 Rxa1 22. Bxa1 Qb7 23. b4 Nb3 24. Rb1 Nxa1 25. Rxa1 Bxb4 26. d4 Rc8 27. Qb3 Rc4 28. Nd3 Bc3 29.
Ra4 Bxd4+ 30. Kf1 b5 31. Ra5 h6 32. Rxb5 Qa6 33. Qb1 Be3 34. g3 Qa3 35. Rb3 Qa4 36. Kg2 Rd4 37. Kh3 Kh7 38. Nc5 Qc4 39. Nxe6 Qe2 40. Nxd4 Qh5+ 41. Kg2 Bxd4 42. Rf3 Qf7 43. Qd3 Bc5 44. Rf1 d4 45. Rd1 Qd5+ 46. Qf3 Qe4 47.
Rd3 Qe1 48. Rd1 Qe4 49. Rd3 Qe1 50. Rd1 Qb4 51. Rd3 Kg6 52. Rd1 Qb2+ 0-1

[Event "*** Titled Tuesday Blitz"]
[Site "Chess.com"]
[Date "2021.02.09"]
[Round "4"]
[White "agartha01"]
[Black "CSB7"]
[Result "0-1"]
[WhiteElo "2300"]
[BlackElo "2583"]
[TimeControl "180+1"]
[EndTime "10:40:11 PST"]
[Termination "CSB7 won on time"]

1. d4 d5 2. Bf4 c5 3. e3 Nc6 4.
Nf3 Nf6 5. Nbd2 Qb6 6. dxc5 Qxb2 7. Rb1 Qc3 8. Bb5 e6 9. O-O Be7 10. Nb3 O-O 11. Qd3 Ne4 12. Bxc6 bxc6 13. Nfd4 Bd7 14. f3 Qxd3 15. cxd3 Nxc5 16. Nxc5 Bxc5 17. Rfc1 Bb6 18. Nxc6 f6 19. d4 Kf7 20. Bd6 Rfc8 21. Nb4 Rxc1+ 22. Rxc1 Rc8 23. Rxc8 Bxc8 24. Kf2 a5 25. Nd3 Ba6 26. Bc5 Bc7 27. Nb2 h5 28. g3 Ke8 29. a3 Kd7 30. Ke1 g5 31. f4 h4 32. Kf2 hxg3+ 33. hxg3 gxf4 34. gxf4 e5 35. fxe5 fxe5 36. Ke1 Kc6 37. Kd2 exd4 38. exd4 Bf4+ 39. Kc3 Bg3 40. Nd3 Bxd3 41. Kxd3 Kb5 42. Kc3 a4 43. Kd3 Bc7 44. Bf8 Ba5 45. Bc5 Bc7 46. Bf8 Kc6 47. Bb4 Bb6 48. Bf8 Ba5 49. Bc5 Kd7 0-1

[Event "*** Titled Tuesday Blitz"]
[Site "Chess.com"]
[Date "2021.02.09"]
[Round "4"]
[White "bascheyaro"]
[Black "m_ezat"]
[Result "1-0"]
[WhiteElo "2743"]
[BlackElo "2556"]
[TimeControl "180+1"]
[EndTime "10:40:13 PST"]
[Termination "bascheyaro won by resignation"]

1. d4 Nf6 2. c4 g6 3. Nf3 Bg7 4. Nc3 d6 5. g3 O-O 6. Bg2 Nc6 7. O-O Bg4 8. h3 Bxf3 9. exf3 Nd7 10. d5 Nd4 11. f4 c5 12. dxc6 bxc6 13. Be3 Nf5 14. Qd2 Nxe3 15. Qxe3 Rb8 16. b3 c5 17. Rac1 Re8 18.
Rfd1 Nf6 19. Qd2 a6 20. Kh2 Qc7 21. Re1 Rbd8 22. Rcd1 e6 23. Qd3 h5 24. Re2 h4 25.
Red2 hxg3+ 26. fxg3 e5 27. fxe5 Rxe5 28. Rf1 Qe7 29.
Nd5 Nxd5 30. Bxd5 Rf8 31. Rdf2 Rxd5 32. Qxd5 Be5 33. Qf3 Kg7 34. Kg2 f5 35. h4 a5 36.
h5 Qg5 37. hxg6 f4 38. Rh1 Kxg6 39. g4 Kg7 40. Qb7+ Kf6 41. Kf3 Rg8 42. Rg2 Qg6 43. Qh7 Qxh7 44. Rxh7 Ra8 45. g5+ Kg6 46. Rh6+ Kg7 47.
Kg4 a4 48. Rgh2 axb3 49. axb3 Ra3 50. Rh7+ Kg8 51. Rb7 f3 52. Rf2 Ra1 53. Rxf3 Rg1+ 54. Kf5 Bb2 55. Kg6 1-0

[Event "*** Titled Tuesday Blitz"]
[Site "Chess.com"]
[Date "2021.02.09"]
[Round "4"]
[White "jefferyx"]
[Black "MatthewG-p4p"]
[Result "1-0"]
[WhiteElo "2998"]
[BlackElo "2818"]
[TimeControl "180+1"]
[EndTime "10:40:15 PST"]
[Termination "jefferyx won by resignation"]

1. e4 e6 2. d4 d5 3. Nc3 Bb4 4.
Ne2 Nc6 5. e5 f6 6. f4 Nh6 7. a3 Ba5 8. g3 Nf5 9. Bh3 O-O 10. Qd3 fxe5 11. dxe5 d4 12. Bxf5 exf5 13.
b4 dxc3 14. Qc4+ Kh8 15. bxa5 Nxa5 16. Qb5 c6 17. Qc5 b6 18. Qd4 Qxd4 19. Nxd4 c5 20. Nb5 Bb7 21. O-O Be4 22. Rf2 Nc4 23. Nxc3 Bc6 24.
Re2 Rad8 25. Be3 Bf3 26. Ree1 Rfe8 27. a4 Re7 28. a5 h6 29. axb6 axb6 30. Ra4 Nd2 31.
Kf2 Ne4+ 32. Kxf3 Nxc3 33. Ra6 Re6 34. Bxc5 Rb8 35. Bd6 Rc8 36. Rxb6 Ne4 37. Rb8 Rxb8 38. Bxb8 Rc6 39. Re2 Kg8 40. g4 g6 41. gxf5 gxf5 42. Ke3 Kf7 43. Kd4 Rc8 44. Bd6 Ke6 45. c4 Ra8 46.
Rg2 Ra1 47. Rg6+ Kf7 48. Rxh6 Rd1+ 49. Ke3 Re1+ 50. Kd3 Rd1+ 51. Kc2 Rd2+ 52. Kb3 Rf2 53. e6+ Kg7 54. e7 Rf3+ 55. Kb4 Nxd6 56. Rxd6 Re3 57. c5 Rxe7 58. c6 Re4+ 59. Kc5 Re1 60. c7 Rc1+ 61. Kb6 Kf7 62. Rc6 1-0

[Event "*** Titled Tuesday Blitz"]
[Site "Chess.com"]
[Date "2021.02.09"]
[Round "4"]
[White "ehrenfeld"]
[Black "ShapkinAnatoliy"]
[Result "1-0"]
[WhiteElo "2521"]
[BlackElo "2699"]
[TimeControl "180+1"]
[EndTime "10:40:16 PST"]
[Termination "ehrenfeld won on time"]

1. e4 e5 2. Nc3 Nf6 3. f4 d5 4.
fxe5 Nxe4 5. Qf3 f5 6. d3 Nxc3 7.
bxc3 Be7 8. d4 O-O 9. Nh3 c5 10. Nf4 cxd4 11. cxd4 Nc6 12. c3 g5 13. Qxd5+ Kg7 14.
Qxd8 Rxd8 15. Nd3 Be6 16. Be2 Rac8 17. h4 h6 18. hxg5 hxg5 19. Bd2 Na5 20. Rh5 Rh8 21. Rxh8 Rxh8 22. Kf2 Nc4 23. Be1 b6 24. a4 f4 25.
Bf3 Rd8 26. Be4 Ne3 27. Rc1 Bb3 28. g3 Nd5 29. gxf4 Nxf4 30. Nxf4 gxf4 31. Bd2 Bg5 32. Rg1 Kh6 33. Rh1+ Kg7 34. Rh7+ Kg8 35. Rxa7 Rf8 36. d5 Bh4+ 37. Kf3 Bd1+ 38. Kg2 f3+ 39. Kh3 f2 40. Bd3 Bd8 41. Kg2 Bf3+ 42. Kxf2 Bxd5+ 43. Ke2 Bf3+ 44. Kf2 Bh4+ 45. Kg1 Bg3 46. e6 Bd5 47.
Bh6 Re8 48. Rg7+ Kh8 49. Rxg3 Rxe6 50. Bg7+ Kg8 51. Bd4+ Kf7 52. Kf2 Rh6 53. Rg7+ Kf8 54. Rg6 Rh2+ 55. Ke3 Rh3+ 56. Kd2 Rh2+ 57. Kc1 Rh3 58.
Bf5 Rf3 59. Be6 Rf1+ 60. Kd2 Bf3 61. Rf6+ Ke7 62. Bc4 1-0

[Event "*** Titled Tuesday Blitz"]
[Site "Chess.com"]
[Date "2021.02.09"]
[Round "4"]
[White "Aslanov_Umid"]
[Black "Iskusnyh"]
[Result "0-1"]
[WhiteElo "2350"]
[BlackElo "2589"]
[TimeControl "180+1"]
[EndTime "10:40:16 PST"]
[Termination "Iskusnyh won by checkmate"]

1. e4 e6 2. d4 d5 3. Nc3 Nf6 4.
Bg5 dxe4 5. Nxe4 Nbd7 6. Nf3 h6 7. Bxf6 Nxf6 8. Bd3 Bd7 9. Ne5 Bd6 10. Nxf6+ Qxf6 11. Nxd7 Kxd7 12. Qe2 Qxd4 13. O-O Qe5 14. Qxe5 Bxe5 15.
Rfe1 Bxb2 16. Rab1 Bc3 17. Re3 Bd4 18. Rf3 Ke7 19.
Rxb7 Bb6 20. c4 Rab8 21. Rxb8 Rxb8 22. Bc2 f5 23. Rb3 Rd8 24. Rd3 Bd4 25. Kf1 Kf6 26. Ke2 e5 27. f3 g5 28. Rb3 Bb6 29. Rd3 Bd4 30. Rb3 h5 31. Rb5 g4 32. Rd5 Rb8 33.
Bb3 gxf3+ 34. gxf3 Rg8 35. Kd3 Rg2 36. h4 Rf2 37.
Bd1 Rxa2 38. Rd7 c5 39. Rd6+ Ke7 40. Rh6 Ra3+ 41. Ke2 e4 42. fxe4 fxe4 43. Rxh5 Ra2+ 44. Kf1 a5 45. Rh7+ Kf6 46. Rh5 a4 47. Bg4 Rf2+ 48.
Ke1 a3 49. Rh6+ Ke5 50. Ra6 a2 51. h5 e3 52. h6 Bc3+ 53. Kd1 Rd2+ 54. Kc1 Bb2# 0-1

[Event "*** Titled Tuesday Blitz"]
[Site "Chess.com"]
[Date "2021.02.09"]
[Round "4"]
[White "Pertinhez76"]
[Black "L1m96"]
[Result "1-0"]
[WhiteElo "2015"]
[BlackElo "2541"]
[TimeControl "180+1"]
[EndTime "10:40:16 PST"]
[Termination "Pertinhez76 won on time"]

1. d4 Nf6 2. Nf3 e6 3. Bf4 b6 4. e3 Bb7 5. Nbd2 c5 6. c3 Be7 7. Bd3 d6 8. O-O O-O 9. Re1 a6 10. a4 Nc6 11. e4 cxd4 12. cxd4 Re8 13. h3 Rc8 14. Qe2 Nb4 15. Bb1 Nc2 16. Bxc2 Rxc2 17. Qd3 Rc8 18. Rac1 Qd7 19. b3 Rxc1 20. Rxc1 Rc8 21. Rc4 Rxc4 22. Qxc4 Nxe4 23. Nxe4 Bxe4 24. Qxa6 Qb7 25. Qb5 Bc6 26. Qd3 h6 27. Ne1 Bd5 28.
f3 Qc6 29. Nc2 Qd7 30. Nb4 Bb7 31. d5 Bf8 32. Be3 Qc7 33. Qc4 Qd8 34. dxe6 fxe6 35. Qxe6+ Kh7 36. Nd5 Bc8 37. Qe4+ Kg8 38. Bxb6 Qd7 39.
Qc4 Kh8 40. Nf4 Kh7 41. Qe4+ Kg8 42. a5 Bb7 43. Qe6+ Qxe6 44. Nxe6 Be7 45. Nc7 Bd8 46. Kf2 Bxc7 47. Bxc7 d5 48. Ke3 Kf7 49. Kd4 Ke6 50. Kc5 Kd7 51. Kb6 Bc8 52. Be5 g6 53. a6 1-0

[Event "*** Titled Tuesday Blitz"]
[Site "Chess.com"]
[Date "2021.02.09"]
[Round "4"]
[White "TeukkaSalama"]
[Black "C_K_G"]
[Result "1-0"]
[WhiteElo "2393"]
[BlackElo "2098"]
[TimeControl "180+1"]
[EndTime "10:40:16 PST"]
[Termination "TeukkaSalama won by checkmate"]

1. d4 d5 2. Bf4 e6 3. e3 Nf6 4. Nf3 Bd6 5. Bg3 Bxg3 6. hxg3 c5 7. c3 c4 8. Nbd2 b5 9. a4 Qb6 10. axb5 Qxb5 11. b3 Ne4 12. Nxe4 dxe4 13. Bxc4 Qb7 14. Ne5 h6 15. Qg4 Kf8 16. Qf4 Rh7 17. Ba6 Nxa6 18.
Rxa6 g5 19. Qf6 Qxa6 20. Rxh6 Qa1+ 21. Kd2 Qb2+ 22. Kd1 Qxb3+ 23. Kd2 Qb2+ 24. Kd1 Qb1+ 25.
Kd2 Qa2+ 26. Kd1 Qb3+ 27. Kd2 Qa2+ 28. Kd1 Qb1+ 29. Kd2 Qd3+ 30. Nxd3 Rxh6 31. Qxh6+ Ke7 32. Qxg5+ Kd7 33. Ne5+ Kc7 34. Qe7+ Kb6 35. Qxf7 Bb7 36.
Qxe6+ Ka5 37. Nc4+ Ka4 38. Nd6 Bc6 39. Qc4+ Ka5 40.
Qb4+ Ka6 41. Qc5 Bd7 42. c4 Rb8 43. Qa3+ Kb6 44. c5+ Kc7 45. Nxe4 Rb7 46. Nd6 Rb5 47. Qxa7+ Kc6 48. Qa8+ Kc7 49. Qa2 Kc6 50. Ne4 Kc7 51. Nc3 Rb4 52. Nd5+ Kc6 53. Nxb4+ Kb5 54. Nd3 Bc6 55. Qc2 Ka5 56. Qc3+ Ka4 57. d5 Bb5 58. Qb4# 1-0

[Event "*** Titled Tuesday Blitz"]
[Site "Chess.com"]
[Date "2021.02.09"]
[Round "4"]
[White "Bigfish1995"]
[Black "KuzubovYuriy"]
[Result "1-0"]
[WhiteElo "2998"]
[BlackElo "2822"]
[TimeControl "180+1"]
[EndTime "10:40:17 PST"]
[Termination "Bigfish1995 won by resignation"]

1. e4 c5 2. Nf3 Nc6 3. d4 cxd4 4.
Nxd4 Nf6 5. Nc3 e5 6. Ndb5 d6 7.
Nd5 Nxd5 8. exd5 Nb8 9. a4 Be7 10. Bd2 O-O 11. Be2 Nd7 12. a5 f5 13. Bb4 Rf6 14. Qd3 a6 15. Na3 e4 16. Qb3 Ne5 17. f4 exf3 18. gxf3 Rh6 19. O-O-O Bg5+ 20. Kb1 Bf4 21. h3 Bd7 22. Bd2 Bxd2 23. Rxd2 Rh4 24. Qxb7 Rb8 25. Qxa6 Ra4 26. Qxd6 Nf7 27. Qc5 Rxa5 28.
Qc3 Nd6 29. Nc4 Nxc4 30. Bxc4 Rba8 31. b4 Ra1+ 32. Kb2 Rxh1 33. Rg2 Qf8 34. d6+ Kh8 35. Qe5 Rb8 36. c3 Rxh3 37. Bd5 Rh6 38. Bb3 Rf6 39. Rd2 Rb6 40. Qe7 Rbxd6 41. Qxf8+ Rxf8 42. Rxd6 Bc8 43. b5 h5 44. b6 h4 45. f4 g5 46. fxg5 Kg7 47.
Bd5 f4 48. Bf3 Rf5 49. Rc6 Ba6 50. Rc7+ Kf8 51. g6 h3 52. g7+ Kg8 53. c4 Bxc4 54.
b7 Rb5+ 55. Kc3 Be6 56. Rc8+ Kxg7 57. b8=Q Rxb8 58. Rxb8 Kf6 59. Kd4 h2 60. Rh8 1-0

[Event "*** Titled Tuesday Blitz"]
[Site "Chess.com"]
[Date "2021.02.09"]
[Round "4"]
[White "Rozum_Ivan"]
[Black "Siemba"]
[Result "1-0"]
[WhiteElo "2742"]
[BlackElo "2513"]
[TimeControl "180+1"]
[EndTime "10:40:17 PST"]
[Termination "Rozum_Ivan won on time"]

1. b3 e5 2. Bb2 Nc6 3. e3 d5 4. Bb5 Bd6 5. Nf3 f6 6. c4 a6 7. Ba4 b5 8. cxb5 axb5 9. Bxb5 Ne7 10. Be2 O-O 11. d3 Kh8 12. O-O Bg4 13. Nc3 Nb4 14. e4 d4 15. Nb5 Bc5 16. a3 Na6 17.
a4 Be6 18. Rc1 Rb8 19. Nd2 c6 20. Na3 Qd6 21. Nac4 Qc7 22. Bg4 Bf7 23. Bh5 Bg8 24. Kh1 Bb4 25. f4 Nc5 26. Be2 exf4 27. Bxd4 Bxd2 28. Bxc5 Bxc1 29. Bd6 Qd7 30. Bxb8 Rxb8 31. Qxc1 Rxb3 32. Rxf4 Ng6 33. Rf1 Bxc4 34. Qxc4 Rb8 35. a5 Ne5 36. Qc3 c5 37. Qxc5 Rc8 38. Qd5 Qc7 39.
d4 Nc6 40. Rc1 Qb8 41. Qc5 Ne7 42. Qa3 Rd8 43. d5 Ng6 44. a6 Nf4 45. Bf1 Qa7 46. Qf3 Ng6 47. Qd3 Ne5 48. Qc3 h6 49. h3 Rd6 50. Qc5 1-0

[Event "*** Titled Tuesday Blitz"]
[Site "Chess.com"]
[Date "2021.02.09"]
[Round "4"]
[White "mbojan"]
[Black "queen_iryna"]
[Result "1-0"]
[WhiteElo "2625"]
[BlackElo "2336"]
[TimeControl "180+1"]
[EndTime "10:40:17 PST"]
[Termination "mbojan won on time"]

1. g3 d6 2. Bg2 e5 3. d3 Nc6 4. e4 g6 5. Nd2 Bg7 6. Ne2 f5 7. f4 Nf6 8. O-O O-O 9. exf5 Bxf5 10. Ne4 exf4 11. Nxf4 Nxe4 12. dxe4 Bd7 13. Nd5 Rxf1+ 14.
Qxf1 Ne5 15. h4 c6 16. Bg5 Qa5 17. Ne7+ Kh8 18. h5 Nf3+ 19. Qxf3 Qxg5 20. Qf7 Rf8 21. Nxg6+ hxg6 22. Qxd7 Bd4+ 23. Kh2 Qxh5+ 24. Qh3 Qxh3+ 25. Kxh3 Rf2 26. c3 Be5 27. Rb1 Kg7 28. Bf1 b5 29. Kg4 a5 30. c4 b4 31. c5 dxc5 32. b3 Rxa2 33. Bc4 Rf2 34. Rd1 Rg2 35. Rd7+ Kh6 36.
Kf3 Rxg3+ 37. Kf2 a4 38. bxa4 b3 39. Rb7 b2 40. Rxb2 Ra3 41. Ra2 Bd4+ 42. Ke2 Re3+ 43. Kd2 Rxe4 44. a5 Re7 45. a6 Ra7 46. Kd3 g5 47.
Ke4 g4 48. Kf4 Kg6 49. Kxg4 Kf6 50. Kf4 1-0

[Event "*** Titled Tuesday Blitz"]
[Site "Chess.com"]
[Date "2021.02.09"]
[Round "4"]
[White "RafalBRC"]
[Black "ljuks68"]
[Result "1/2-1/2"]
[WhiteElo "2090"]
[BlackElo "2375"]
[TimeControl "180+1"]
[EndTime "10:40:17 PST"]
[Termination "Game drawn - insufficient material"]

1. d4 d5 2. c4 c6 3. Nc3 Nf6 4. Nf3 dxc4 5. a4 Bf5 6. e3 e6 7. Bxc4 Bb4 8. O-O Nbd7 9. Qb3 Qe7 10. Bd2 a5 11. Rfe1 O-O 12. e4 Bg4 13. e5 Nd5 14.
Bg5 f6 15. exf6 gxf6 16. Bxd5 cxd5 17. Nxd5 Qf7 18. Nxb4 fxg5 19. Nc2 Rac8 20. Re3 h6 21. Rae1 Bf5 22. Na3 g4 23. Ne5 Nxe5 24. Rxe5 Kg7 25.
Nc4 Be4 26. Rf1 Bd5 27. Rxd5 exd5 28. Nd6 Qd7 29. Nxc8 Rxc8 30. Qg3 Rc4 31. Qe5+ Kh7 32. f3 Qg7 33. Qf5+ Kh8 34. Qxd5 Qxd4+ 35. Qxd4+ Rxd4 36. fxg4 Rxa4 37. h3 Rb4 38. Rf2 Rb3 39. Kh2 Kg7 40.
Rc2 b5 41. h4 Kf6 42. g3 a4 43. Kh3 b4 44. h5 Ke5 45. Kh4 Kf6 46. Rf2+ Kg7 47.
Rg2 Rd3 48. g5 Rd4+ 49. g4 Rd5 50. gxh6+ Kxh6 51. g5+ Kg7 52. Re2 Rd4+ 53. Kg3 a3 54. bxa3 bxa3 55. Ra2 Ra4 56. Kf3 Kf7 57. Ke3 Ke6 58. Kd3 Kf5 59. Kc3 Kxg5 60. Kb3 Ra8 61.
Rxa3 Rxa3+ 62. Kxa3 Kxh5 1/2-1/2